 Dungeon Crawl Stone Soup version 0.28.0-53-g5a82cb258f (webtiles) character file.

Game seed: 11579216028528133372

194 MiltankisOP the Chiller (level 5, -3/45 HPs)
             Began as an Ogre Ice Elementalist on June 17, 2022.
             Succumbed to a gnoll sergeant's poison
             ... on level 2 of the Dungeon.
             The game lasted 00:05:15 (3030 turns).

MiltankisOP the Chiller (Ogre Ice Elementalist)     Turns: 3030, Time: 00:05:16

Health: -3/45      AC:  3    Str: 12    XL:     5   Next: 73%
Magic:  7/12       EV:  9    Int: 18    God:
Gold:   87         SH:  0    Dex:  9    Spells: 7/14 levels left

rFire   . . .      SeeInvis .   (no weapon)
rCold   . . .      Faith    .   (no shield)
rNeg    . . .      Spirit   .   a - +0 robe
rPois   .          Reflect  .   (helmet restricted)
rElec   .          Harm     .   (no cloak)
rCorr   .          Rampage  .   (gloves unavailable)
Will    .....                   (boots unavailable)
Stlth   +.........              (no amulet)
HPRegen 0.15/turn               (no ring)
MPRegen 0.13/turn               (no ring)

@: lethally poisoned (-3 -> -17)
A: large, unfitting armour, tough skin 1
a: no special abilities


You were on level 2 of the Dungeon.
You visited 1 branch of the dungeon, and saw 3 of its levels.

You collected 113 gold pieces.
You spent 26 gold pieces at shops.

Inventory:

Armour
 a - a +0 robe (worn)
Scrolls
 b - 4 scrolls of identify
 c - a scroll of noise {unknown}
 g - 2 scrolls of silence {unknown}
 j - a scroll of brand weapon {unknown}
Potions
 d - a potion of invisibility {unknown}
 e - a potion of lignification {unknown}
 f - a potion of haste {unknown}
 h - a potion of brilliance {unknown}
 i - a potion of degeneration {unknown}
 k - a potion of heal wounds {unknown}


   Skills:
 - Level 1.7 Dodging
 - Level 1.4 Stealth
 + Level 5.0 Spellcasting
 - Level 5.0 Ice Magic


You had 7 spell levels left.
You knew the following spells:

 Your Spells              Type           Power      Damage    Failure   Level
a - Freeze                Ice            88%        1d10      1%          1
b - Frozen Ramparts       Ice            44%        1d6       4%          3
c - Ozocubu's Armour      Ice            22%        N/A       4%          3

Your spell library contained the following spells:

 Spells                   Type           Power      Damage    Failure   Level
 Summon Guardian Golem    Hex/Summ       4%         N/A       36%         3
 Hailstorm                Conj/Ice       13%        3d5       43%         4
 Orb of Destruction       Conj           2%         9d5       100%        7
 Spellforged Servitor     Conj/Summ      2%         N/A       100%        7


Dungeon Overview and Level Annotations

Branches:
Dungeon (3/15)

Altars:

Shops:
D:1 *   D:3 (


Innate Abilities, Weirdness & Mutations

You are too large for most types of armour.
You have tough skin. (AC +1)


Message History

The necrophage is almost destroyed.
The necrophage hits you.
* * * LOW HITPOINT WARNING * * *
You feel drained.
* * * LOW HITPOINT WARNING * * *
You hit the necrophage.
The necrophage is almost destroyed.
The necrophage hits you but does no damage.
You hit the necrophage.
You destroy the necrophage!
Your life force feels restored.
Your Spellcasting skill gained 2 levels and is now at level 5!
You have reached level 5!
A gnoll sergeant comes into view. It is wielding a +3 spear of venom.
The gnoll sergeant shouts!
Casting: Frozen Ramparts (dangerous; 4% risk of failure)
Confirm with . or Enter, or press ? or * to list all spells.
Casting: Frozen Ramparts (dangerous; 4% risk of failure)
Press: ? - help, Dir - look around, f - activate The walls around you are covered in ice.
Casting: Frozen Ramparts (dangerous; 4% risk of failure)
Confirm with . or Enter, or press ? or * to list all spells.
A film of ice covers your body!
The wall freezes the gnoll sergeant.
The wall freezes the gnoll sergeant.
The gnoll sergeant hits you from afar with a +3 spear of venom!
You are poisoned.
Your icy armour and frozen ramparts will break if you move.
Continue?
Your icy armour cracks and falls away as you move.
The frozen ramparts melt away as you move.
You feel sick.
You feel sick.
You feel sick.
There is a stone staircase leading up here.
You feel sick.
The gnoll sergeant hits you from afar with a +3 spear of venom!
* * * LOW HITPOINT WARNING * * *
You are more poisoned.
You climb upwards.
You die...

............###.#.#
...##.#####.# #.#.#
...##.......# #.#.#
..###..####.# #.#.#
..# #..# #.# #.#.#
..# #..# #.###.#.#
..# #..# #.......#
..###..####..##.#.#
................@.#
#..........#.######
######.#####.# ##.#
#.# #..#####.#
#........#
########.# #.# #.#


There were no monsters in sight!

Vanquished Creatures
  A necrophage (D:3)
  A gnoll (D:1)
  4 adders (D:2)
  An adder skeleton (D:2)
  A worm (D:2)
  4 orcs (D:3)
  4 bats
  3 endoplasms
  3 goblins
  6 hobgoblins
  4 jackals (D:2)
  5 quokkas
  6 ball pythons
  6 kobolds
  4 rats
53 creatures vanquished.

Notes
Turn   | Place    | Note
-------+----------+-------------------------------------------
     0 | D:1      | MiltankisOP the Ogre Ice Elementalist began the quest for
                  | the Orb.
     0 | D:1      | Reached XP level 1. HP: 16/16 MP: 3/3
   281 | D:1      | Reached XP level 2. HP: 3/24 MP: 0/5
   993 | D:1      | Found Nonniwk's General Store.
  1006 | D:1      | Reached XP level 3. HP: 25/31 MP: 2/6
  1074 | D:1      | Bought a scroll of identify for 26 gold pieces
  1631 | D:2      | Found a faded altar of an unknown god.
  2039 | D:2      | Reached skill level 5 in Ice Magic
  2039 | D:2      | Reached XP level 4. HP: 26/39 MP: 2/7
  2210 | D:2      | Learned a level 3 spell: Frozen Ramparts
  2214 | D:2      | Learned a level 3 spell: Ozocubu's Armour
  2850 | D:3      | Found Veuh Uske's Weapon Shoppe.
  2857 | D:3      | Noticed a necrophage
  2901 | D:3      | Killed a necrophage
  2902 | D:3      | Reached skill level 5 in Spellcasting
  2902 | D:3      | Reached XP level 5. HP: 8/45 MP: 2/12
  3029 | D:3      | HP: 2/45 [gnoll sergeant/+3 spear of venom (11)]
  3030 | D:2      | Succumbed to a gnoll sergeant's poison

Illustrated notes

Levels and vault maps discovered:
D:1:      psy_arrival_basics, layout_basic, serial_shops,
          nicolae_shop_advertising_works [nicolae_subvault_shop_adworks]
D:2:      layout_loops_ring, basic_ecumenical_altar, st_stairs_5
D:3:      layout_loops_ring, zin_scriptorium, serial_shops, nicolae_diamond_shop

Skill      XL: |  1  2  3  4 |
---------------+-------------+-----
Ice Magic      | 4 5 |  5.0
Spellcasting   | 5 |  5.0
Dodging        | |  1.7
Stealth        | |  1.4

Action                   |  1- 3 |  4- 6 || total
-------------------------+-------+-------++-------
Melee: Unarmed           |    50 |    39 ||    89
 Cast: Freeze            |    48 |    28 ||    76
       Frozen Ramparts   |       |     4 ||     4
       Ozocubu's Armour  |       |     2 ||     2
 Stab: Sleeping          |       |     1 ||     1
Armor: Robe              |    28 |    25 ||    53
Dodge: Dodged            |    37 |    15 ||    52
